3AAA
LÉVIS ROCKS @ HIALEAH DODOS
05/18/2017
 
TOP OF THE 1ST
Lévis Rocks batting - Pitching for Hialeah Dodos : LHP Tom Howard
Pitching: LHP Tom Howard
Batting: SHB Tim Eldridge 0-0: Ground out 5-3 (Groundball, 5L)
Batting: RHB Bernardo Burgos 0-0: Ball
1-0: SINGLE (Line Drive, 8RS)
Batting: RHB Dan Holliday 0-0: Ball
1-0: Foul Ball, location: 2F
1-1: Ball
2-1: Called Strike
2-2: Foul Ball, location: 2F
2-2: Ball
3-2: Base on Balls
Bernardo Burgos to second
Batting: RHB Ernie McPherson 0-0: Ball
1-0: DOUBLE (Groundball, 5L)
Bernardo Burgos scores
Dan Holliday to third
Batting: RHB Raúl Valadez 0-0: Ball
1-0: Foul Ball, location: 2F
1-1: Called Strike
1-2: Fly out, F7 (Popup, 6D)
Batting: SHB Monte Adams 0-0: Ball
1-0: Foul Ball, location: 2F
1-1: Ground out 5-3 (Groundball, 5L)
Top of the 1st over - 1 run(s), 2 hit(s), 0 error(s), 2 left on base; Lévis 1 - Hialeah 0
BOTTOM OF THE 1ST
Hialeah Dodos batting - Pitching for Lévis Rocks : RHP Jim Unknown
Pitching: RHP Jim Unknown
Batting: RHB Brian King 0-0: Ball
1-0: Swinging Strike
1-1: Foul Ball, location: 2F
1-2: Ball
2-2: Strikes out swinging
Batting: RHB Mitch Jensen 0-0: Called Strike
0-1: Ball
1-1: Foul Ball, location: 2F
1-2: Ball
2-2: Strikes out swinging
Batting: SHB Daryl Moore 0-0: Swinging Strike
0-1: Ball
1-1: Ball
2-1: Ball
3-1: Foul Ball, location: 2F
3-2: Ground out U3 (Groundball, 3)
Bottom of the 1st over - 0 run(s), 0 hit(s), 0 error(s), 0 left on base; Lévis 1 - Hialeah 0
TOP OF THE 2ND
Lévis Rocks batting - Pitching for Hialeah Dodos : LHP Tom Howard
Batting: SHB Bartolo Fernández 0-0: Fly out, F6 (Popup, 56D)
Batting: RHB Jim Unknown 0-0: Ball
1-0: Ball
2-0: Ball
3-0: Called Strike
3-1: Called Strike
3-2: Fly out, F9 (Flyball, 9LMF)
Batting: RHB Jim Unknown 0-0: Ball
1-0: Ball
2-0: Ball
3-0: Base on Balls
Batting: SHB Tim Eldridge 0-0: Fly out, F3 (Popup, 3SF)
Top of the 2nd over - 0 run(s), 0 hit(s), 0 error(s), 1 left on base; Lévis 1 - Hialeah 0
BOTTOM OF THE 2ND
Hialeah Dodos batting - Pitching for Lévis Rocks : RHP Jim Unknown
Batting: RHB Joe Guy 0-0: Ground out 5-3 (Groundball, 56)
Batting: LHB José Alvia 0-0: Called Strike
0-1: Ball
1-1: Called Strike
1-2: Foul Ball, location: 2F
1-2: Foul Ball, location: 2F
1-2: Ground out 1-3 (Groundball, 25)
Batting: RHB Luis Trujillo 0-0: Foul Ball, location: 2F
0-1: Ball
1-1: Swinging Strike
1-2: Foul Ball, location: 2F
1-2: Ball
2-2: Ground out 6-3 (Groundball, 6M)
Bottom of the 2nd over - 0 run(s), 0 hit(s), 0 error(s), 0 left on base; Lévis 1 - Hialeah 0
TOP OF THE 3RD
Lévis Rocks batting - Pitching for Hialeah Dodos : LHP Tom Howard
Batting: RHB Bernardo Burgos 0-0: Ball
1-0: Foul Ball, location: 2F
1-1: Ball
2-1: Foul Ball, location: 2F
2-2: DOUBLE (Line Drive, 3L)
Batting: RHB Dan Holliday 0-0: Fly out, F2 (Popup, 23F)
Batting: RHB Ernie McPherson 0-0: Called Strike
0-1: Ball
1-1: SINGLE (Line Drive, 9S)
Bernardo Burgos to third
Batting: RHB Raúl Valadez 0-0: Ball
1-0: Called Strike
1-1: Foul Ball, location: 2F
1-2: Ball
2-2: Strikes out swinging
Batting: SHB Monte Adams 0-0: Called Strike
0-1: Ball
1-1: Ball
2-1: DOUBLE (Flyball, 8LM)
Bernardo Burgos scores
Ernie McPherson to third
Batting: SHB Bartolo Fernández 0-0: Swinging Strike
0-1: Called Strike
0-2: Ball
1-2: Ball
2-2: Foul Ball, location: 2F
2-2: Ball
3-2: Strikes out swinging
Top of the 3rd over - 1 run(s), 3 hit(s), 0 error(s), 2 left on base; Lévis 2 - Hialeah 0
BOTTOM OF THE 3RD
Hialeah Dodos batting - Pitching for Lévis Rocks : RHP Jim Unknown
Batting: LHB Jeff Conklin 0-0: Reached on error, E4 (Groundball, 34)
Batting: RHB Ed Lee 0-0: Ball
1-0: Called Strike
1-1: Foul Ball, location: 2F
1-2: Strikes out swinging
Batting: RHB Ji-chol Yang 0-0: Ball
1-0: Called Strike
1-1: Foul Ball, location: 2F
1-2: Foul Ball, location: 2F
1-2: Foul Ball, location: 2F
1-2: Ball
2-2: Fly out, F8 (Flyball, 8LD)
Batting: RHB Brian King 0-0: Ball
Jeff Conklin is caught stealing 2nd base
Bottom of the 3rd over - 0 run(s), 0 hit(s), 1 error(s), 0 left on base; Lévis 2 - Hialeah 0
TOP OF THE 4TH
Lévis Rocks batting - Pitching for Hialeah Dodos : LHP Tom Howard
Batting: RHB Jim Unknown 0-0: Ball
1-0: Called Strike
1-1: Fly out, F9 (Flyball, 9D)
Batting: RHB Jim Unknown 0-0: Ball
1-0: Foul Ball, location: 2F
1-1: Fly out, F4 (Popup, 34D)
Batting: SHB Tim Eldridge 0-0: Called Strike
0-1: Ball
1-1: Fly out, F8 (Flyball, 8LS)
Top of the 4th over - 0 run(s), 0 hit(s), 0 error(s), 0 left on base; Lévis 2 - Hialeah 0
BOTTOM OF THE 4TH
Hialeah Dodos batting - Pitching for Lévis Rocks : RHP Jim Unknown
Batting: RHB Brian King 0-0: Ground out 6-3 (Groundball, 56)
Batting: RHB Mitch Jensen 0-0: Ball
1-0: Ball
2-0: Foul Ball, location: 2F
2-1: SINGLE (Flyball, 7LM)
Batting: SHB Daryl Moore 0-0: Ball
1-0: Foul Ball, location: 2F
1-1: Foul Ball, location: 2F
1-2: Ball
2-2: Ball
3-2: Grounds into double play, 4-6-3 (Groundball, 4)
Bottom of the 4th over - 0 run(s), 1 hit(s), 0 error(s), 0 left on base; Lévis 2 - Hialeah 0
TOP OF THE 5TH
Lévis Rocks batting - Pitching for Hialeah Dodos : LHP Tom Howard
Batting: RHB Bernardo Burgos 0-0: Foul Ball, location: 2F
0-1: Called Strike
0-2: Ball
1-2: SINGLE (Flyball, 6MD)
Batting: RHB Dan Holliday 0-0: Ball
1-0: SINGLE (Flyball, 9LS)
Bernardo Burgos to second
Runner from 2nd tries for 3rd, SAFE, throw made to third
Dan Holliday to second
Batting: RHB Ernie McPherson 0-0: Ball
1-0: Swinging Strike
1-1: Ground out 4-3 (Groundball, 13)
Batting: RHB Raúl Valadez 0-0: Ball
Wild Pitch!
Bernardo Burgos scores
Dan Holliday to third
1-0: Foul Ball, location: 2F
1-1: Foul Ball, location: 2F
1-2: Foul Ball, location: 2F
1-2: Ball
2-2: Fly out, F8 (Flyball, 78M)
Batting: SHB Monte Adams 0-0: Ball
1-0: DOUBLE (Flyball, 9LD)
Dan Holliday scores
Batting: SHB Bartolo Fernández 0-0: Ball
1-0: Ball
2-0: Ball
3-0: Foul Ball, location: 2F
3-1: Fly out, F4 (Popup, 4D)
Top of the 5th over - 2 run(s), 3 hit(s), 0 error(s), 1 left on base; Lévis 4 - Hialeah 0
BOTTOM OF THE 5TH
Hialeah Dodos batting - Pitching for Lévis Rocks : RHP Jim Unknown
Batting: RHB Joe Guy 0-0: Foul Ball, location: 2F
0-1: Foul Ball, location: 2F
0-2: Ball
1-2: Ground out 5-3 (Groundball, 5S)
Batting: LHB José Alvia 0-0: Swinging Strike
0-1: Foul Ball, location: 2F
0-2: Ball
1-2: DOUBLE (Flyball, 78D)
Batting: RHB Luis Trujillo 0-0: Ball
1-0: Ball
2-0: Ball
3-0: Base on Balls
Batting: LHB Jeff Conklin 0-0: Called Strike
0-1: Ball
1-1: Fly out, F8 (Flyball, 78S)
Batting: RHB Ed Lee 0-0: Ball
Wild Pitch!
José Alvia to third
Luis Trujillo to second
1-0: Foul Ball, location: 2F
1-1: Ball
2-1: SINGLE (Flyball, 8LS)
José Alvia scores
Luis Trujillo to third
Runner from 3rd tries for Home, SAFE, no throw or cutoff
Batting: RHB Ji-chol Yang 0-0: Called Strike
0-1: Ball
1-1: Called Strike
Throwing error on steal attempt, E2
Ed Lee to third
1-2: Foul Ball, location: 2F
1-2: Ball
2-2: Foul Ball, location: 2F
2-2: Ball
3-2: Ground out 6-3 (Groundball, 6)
Bottom of the 5th over - 2 run(s), 2 hit(s), 1 error(s), 1 left on base; Lévis 4 - Hialeah 2
TOP OF THE 6TH
Lévis Rocks batting - Pitching for Hialeah Dodos : LHP Tom Howard
Batting: RHB Jim Unknown 0-0: Called Strike
0-1: Swinging Strike
0-2: Foul Ball, location: 2F
0-2: Ball
1-2: Foul Ball, location: 2F
1-2: Fly out, F4 (Popup, 34D)
Batting: RHB Jim Unknown 0-0: Ball
1-0: Ball
2-0: Fly out, F3 (Popup, 3F)
Batting: SHB Tim Eldridge 0-0: Ball
1-0: Ground out 2-3 (Groundball, 2R)
Top of the 6th over - 0 run(s), 0 hit(s), 0 error(s), 0 left on base; Lévis 4 - Hialeah 2
BOTTOM OF THE 6TH
Hialeah Dodos batting - Pitching for Lévis Rocks : RHP Jim Unknown
Batting: RHB Brian King 0-0: Called Strike
0-1: Ball
1-1: Ball
2-1: Foul Ball, location: 2F
2-2: Foul Ball, location: 2F
2-2: Foul Ball, location: 2F
2-2: Ball
3-2: Base on Balls
Batting: RHB Mitch Jensen 0-0: Swinging Strike
0-1: Called Strike
0-2: Fly out, F8 (Flyball, 8LM)
Batting: SHB Daryl Moore 0-0: Ball
1-0: Ball
2-0: Ball
3-0: Called Strike
3-1: Grounds into double play, 3-6-3 (Groundball, 3)
Bottom of the 6th over - 0 run(s), 0 hit(s), 0 error(s), 0 left on base; Lévis 4 - Hialeah 2
TOP OF THE 7TH
Lévis Rocks batting - Pitching for Hialeah Dodos : LHP Tom Howard
Batting: RHB Bernardo Burgos 0-0: Ball
1-0: Ball
2-0: SINGLE (Line Drive, 34)
Batting: RHB Dan Holliday 0-0: Called Strike
0-1: Swinging Strike
0-2: Ball
1-2: Strikes out swinging
Batting: RHB Ernie McPherson 0-0: Ball
1-0: Called Strike
1-1: Foul Ball, location: 2F
1-2: Strikes out swinging
Batting: RHB Raúl Valadez 0-0: Called Strike
0-1: Ball
1-1: Swinging Strike
1-2: Ball
2-2: Ball
3-2: TRIPLE (Flyball, 78M)
Bernardo Burgos scores
Pitching: RHP Martin Benthall
Batting: SHB Monte Adams 0-0: Foul Ball, location: 2F
0-1: 2-RUN HOME RUN (Line Drive, 89XD), Distance : 418 ft
Batting: SHB Bartolo Fernández 0-0: Fly out, F7 (Flyball, 7S)
Top of the 7th over - 3 run(s), 3 hit(s), 0 error(s), 0 left on base; Lévis 7 - Hialeah 2
BOTTOM OF THE 7TH
Hialeah Dodos batting - Pitching for Lévis Rocks : RHP Jim Unknown
Batting: RHB Joe Guy 0-0: Foul Ball, location: 2F
0-1: Ball
1-1: Ball
2-1: SOLO HOME RUN (Line Drive, 7D), Distance : 398 ft
Batting: LHB José Alvia 0-0: Ball
1-0: Ball
2-0: Ball
3-0: Base on Balls
Batting: RHB Luis Trujillo 0-0: Ball
1-0: Ball
2-0: Ball
3-0: Base on Balls
José Alvia to second
Pitching: RHP Jim Unknown
Batting: LHB Jeff Conklin 0-0: Fielders Choice at 2nd, 3-6 (Groundball, 34)
José Alvia to third
Batting: RHB Ed Lee 0-0: Swinging Strike
0-1: SINGLE (Line Drive, 9S)
José Alvia scores
Jeff Conklin to second
Batting: RHB Ji-chol Yang 0-0: Called Strike
0-1: Swinging Strike
0-2: Strikes out swinging
Batting: RHB Brian King 0-0: Ball
1-0: Ball
2-0: Called Strike
2-1: Fly out, F8 (Flyball, 8LS)
Bottom of the 7th over - 2 run(s), 2 hit(s), 0 error(s), 2 left on base; Lévis 7 - Hialeah 4
TOP OF THE 8TH
Lévis Rocks batting - Pitching for Hialeah Dodos : RHP Martin Benthall
Batting: RHB Jim Unknown 0-0: Called Strike
Single, Error in OF, E9, batter to second base
Batting: RHB Jim Unknown 0-0: Foul Ball, location: 2F
0-1: Ball
1-1: Ground out 5-3 (Groundball, 56)
Batting: SHB Tim Eldridge 0-0: Intentional Walk
Batting: RHB Bernardo Burgos 0-0: Ball
Wild Pitch!
Jim Unknown to third
Tim Eldridge to second
1-0: Called Strike
1-1: Ground out 5-3 (Groundball, 56)
Batting: RHB Dan Holliday 0-0: Called Strike
0-1: SINGLE (Groundball, 34D)
Jim Unknown scores
Tim Eldridge to third
Runner from 3rd tries for Home, SAFE, no throw or cutoff
Pitching: RHP Mike Lane
Batting: RHB Ernie McPherson 0-0: Foul Ball, location: 2F
0-1: Called Strike
0-2: Strikes out swinging
Top of the 8th over - 2 run(s), 2 hit(s), 1 error(s), 1 left on base; Lévis 9 - Hialeah 4
BOTTOM OF THE 8TH
Hialeah Dodos batting - Pitching for Lévis Rocks : RHP Jim Unknown
Batting: RHB Mitch Jensen 0-0: Ball
1-0: Foul Ball, location: 2F
1-1: Ball
2-1: Called Strike
2-2: Foul Ball, location: 2F
2-2: Foul Ball, location: 2F
2-2: Ball
3-2: Fly out, F8 (Flyball, 89M)
Batting: SHB Daryl Moore 0-0: Called Strike
0-1: Called Strike
0-2: Foul Ball, location: 2F
0-2: Ball
1-2: Fly out, F8 (Flyball, 89XD)
Batting: RHB Joe Guy 0-0: Ball
1-0: Ball
2-0: Foul Ball, location: 2F
2-1: SOLO HOME RUN (Flyball, 78XD), Distance : 422 ft
Batting: LHB José Alvia 0-0: SOLO HOME RUN (Flyball, 9D), Distance : 385 ft
Pitching: RHP Jim Unknown
Batting: RHB Luis Trujillo 0-0: Called Strike
0-1: Swinging Strike
0-2: Ball
1-2: Strikes out swinging
Bottom of the 8th over - 2 run(s), 2 hit(s), 0 error(s), 0 left on base; Lévis 9 - Hialeah 6
TOP OF THE 9TH
Lévis Rocks batting - Pitching for Hialeah Dodos : RHP Mike Lane
Batting: RHB Raúl Valadez 0-0: Ball
1-0: Foul Ball, location: 2F
1-1: Ground out 4-3 (Groundball, 4)
Batting: SHB Monte Adams 0-0: Ball
1-0: Ball
2-0: Called Strike
2-1: Foul Ball, location: 2F
2-2: Ball
3-2: Base on Balls
Batting: SHB Bartolo Fernández 0-0: Ball
1-0: Swinging Strike
1-1: Ball
2-1: Foul Ball, location: 2F
2-2: Strikes out swinging
Batting: RHB Jim Unknown 0-0: Called Strike
Monte Adams steals 2nd base
0-1: Called Strike
0-2: Ball
1-2: Ball
2-2: Ball
3-2: Strikes out swinging
Top of the 9th over - 0 run(s), 0 hit(s), 0 error(s), 1 left on base; Lévis 9 - Hialeah 6
BOTTOM OF THE 9TH
Hialeah Dodos batting - Pitching for Lévis Rocks : RHP Jim Unknown
Batting: LHB Jeff Conklin 0-0: Called Strike
0-1: Called Strike
0-2: Ball
1-2: Ball
2-2: Foul Ball, location: 2F
2-2: Ball
3-2: Foul Ball, location: 2F
3-2: SOLO HOME RUN (Flyball, 9D), Distance : 384 ft
Batting: RHB Ed Lee 0-0: Called Strike
0-1: Fly out, F8 (Flyball, 8LS)
Batting: RHB Ji-chol Yang 0-0: Ball
1-0: Ground out 5-3 (Groundball, 56S)
Batting: RHB Brian King 0-0: Called Strike
0-1: Foul Ball, location: 2F
0-2: Foul Ball, location: 2F
0-2: Ball
1-2: Ball
2-2: Foul Ball, location: 2F
2-2: Ground out 6-3 (Groundball, 6)
Bottom of the 9th over - 1 run(s), 1 hit(s), 0 error(s), 0 left on base; Lévis 9 - Hialeah 7
This league is powered by Out of the Park Baseball, the baseball management simulation game for PC, Mac and Linux
Saturday, February 27th, 2021 - OOTP Baseball 15.6 Build 34